Cogmind - Beta 17.1 @@@ ROGUE MODE // 2026.09.02 @ 15:13:21 Player: Scuttle Result: Destroyed by H-61 Shepherd with Heavy Assault Cannon Performance ------------- Evolutions (2) 1000 Regions Visited (4) 800 Robots Destroyed (0) 0 Value Destroyed (20) 20 Prototype IDs (0) 0 Alien Tech Used (0) 0 Bonus (503) 503 TOTAL SCORE: 2323 Bonus ------- Pacifist 470 Follower Combat Kills 33 Cogmind --------- Core Integrity 0/550 Matter 115/300 Energy 99/100 System Corruption 1% Temperature Cool (0) Movement Core (50) Location -8/Materials Parts ------- > --- POWER (1) -------- (None) > --- PROPULSION (2) --- (None) > --- UTILITY (6) ------ (None) > --- WEAPON (2) ------- (None) > --- INVENTORY (5) ---- Gauss Cannon Datajack Peak State ------------ > --- POWER ------------ (None) > --- PROPULSION ------- (None) > --- UTILITY ---------- (None) > --- WEAPON ----------- Light Assault Rifle Gauss Cannon > --- INVENTORY -------- (None) [Rating: 5] Favorites ----------- Power None Propulsion None Utility Improved Signal Interpreter Processor Improved Signal Interpreter Weapon Light Assault Rifle Energy Gun EM Pulse Gun Ballistic Gun Light Assault Rifle Ballistic Cannon Gauss Cannon Build | -11 -10 -10 -9 -8 ------- Run | Yrd Mat Min Mat Mat Slots Evolved 4 | . . . 2 2 Power . | . . . . . Propulsion . | . . . . . Utility 4 | . . . 2 2 Weapon . | . . . . . Parts Attached 4 | 2 . . . 2 Power . | . . . . . Engine . | . . . . . Core . | . . . . . Reactor . | . . . . . Propulsion . | . . . . . Treads . | . . . . . Leg . | . . . . . Wheel . | . . . . . Hover . | . . . . . Flight . | . . . . . Utility 1 | . . . . 1 Device . | . . . . . Storage . | . . . . . Processor 1 | . . . . 1 Hackware . | . . . . . Protection . | . . . . . Artifact . | . . . . . Weapon 3 | 2 . . . 1 Energy Gun 1 | 1 . . . . Energy Cannon . | . . . . . Ballistic Gun 1 | 1 . . . . Ballistic Cannon 1 | . . . . 1 Launcher . | . . . . . Special Weapon . | . . . . . Impact Weapon . | . . . . . Slashing Weapon . | . . . . . Piercing Weapon . | . . . . . Special Melee Weapon . | . . . . . Unidentified Prototypes . | . . . . . Parts Lost 3 | . . . 1 2 Power . | . . . . . Propulsion . | . . . . . Utility 1 | . . . . 1 Weapon 2 | . . . 1 1 Highest Loss Streak 1 | . . . 1 1 To Critical Strikes . | . . . . . Average Backups . | . . . . 1 Power . | . . . . . Propulsion . | . . . . . Utility . | . . . . . Weapon . | . . . . . Tool/Special . | . . . . . Unused Backups 1 | . . . . 1 Power . | . . . . . Propulsion . | . . . . . Utility . | . . . . . Weapon . | . . . . . Tool/Special 1 | . . . . 1 Average Slot Usage (%) 18 | . 28 28 13 13 Processor 2 | . . . . 7 Energy Gun 5 | . 14 14 2 . Ballistic Gun 9 | . 14 14 11 6 Peak Build Rating 5 | 2 2 2 2 5 Average Rating 2 | 1 2 2 1 3 On Entrance 1 | . 2 2 2 1 Avg Prop Armor Cover (%) . | . . . . . Naked Turns . | . . . . . Heaviest Build 3 | 3 3 3 3 1 Greatest Support 3 | 3 3 3 3 3 Greatest Overweight (x) . | . . . . . Average Overweight (x) . | . . . . . Largest Inventory Capacity 5 | 5 5 5 5 5 Average Capacity 5 | 5 5 5 5 5 Most Carried 2 | . . . . 2 Average Carried . | . . . . 1 Final Capacity 5 | 5 5 5 5 5 Final Carried 2 | . . . . 2 Class Distribution -------------------- 100% | Mutant Dominant Class ---------------- Mutant | -10/Materials Mutant | -10/Mines Mutant | -9/Materials Mutant | -8/Materials Resources | -11 -10 -10 -9 -8 ----------- Run | Yrd Mat Min Mat Mat Matter Collected 15 | . 12 . . 3 Remotely . | . . . . . Salvage Created . | . . . . . Parts . | . . . . . Haulers Intercepted . | . . . . . Recyclers Shooed . | . . . . . Parts Field Recycled . | . . . . . Retrieved Matter . | . . . . . Parts Self-Destructed . | . . . . . Prevented . | . . . . . Parts Restored . | . . . . . Kills | -11 -10 -10 -9 -8 ------- Run | Yrd Mat Min Mat Mat Combat Hostiles Destroyed . | . . . . . Classes Destroyed . | . . . . . Best Kill Streak . | . . . . . Combat Bots Only . | . . . . . Max Kills in Single Turn . | . . . . . Gunslinging . | . . . . . Exploded . | . . . . . Melee . | . . . . . Uniques/NPCs Destroyed . | . . . . . Combat | -11 -10 -10 -9 -8 -------- Run | Yrd Mat Min Mat Mat Hostile Shots Fired 119 | . 16 . 14 89 Missed 52 | . 7 . 5 40 Hits 67 | . 9 . 9 49 Projectile 67 | . 9 . 9 49 Critical Strikes 2 | . . . . 2 Damage Taken 836 | . 68 . 136 632 Core 684 | . 23 . 61 600 Absorbed by Shields . | . . . . . Core Remaining (%) 91 | 100 . 90 84 . Volleys Fired 1 | . . . . 1 Largest 2 | . . . . 2 Hottest 60 | . . . . 60 Shots Fired 2 | . . . . 2 Gun 1 | . . . . 1 Cannon 1 | . . . . 1 Launcher . | . . . . . Special . | . . . . . Kinetic 2 | . . . . 2 Thermal . | . . . . . Explosive . | . . . . . Electromagnetic . | . . . . . Robot Hit Streak . | . . . . . Robot Miss Streak . | . . . . . Penetration Max . | . . . . . Secondary Targets . | . . . . . Shots Hit Robots . | . . . . . Core Hits 3 | . . . 1 2 Critical Kills . | . . . . . Critical Parts Destroyed . | . . . . . Critical Strikes . | . . . . . Melee Attacks . | . . . . . Impact . | . . . . . Slashing . | . . . . . Piercing . | . . . . . Sneak Attacks . | . . . . . Combat Hostiles . | . . . . . Follow-up Attacks . | . . . . . Damage Inflicted 28 | . . . 9 19 Guns . | . . . . . Cannons . | . . . . . Explosions . | . . . . . Melee . | . . . . . Ramming 28 | . . . 9 19 Kinetic . | . . . . . Thermal . | . . . . . Explosive . | . . . . . Electromagnetic . | . . . . . Impact . | . . . . . Slashing . | . . . . . Piercing . | . . . . . Highest Corruption 1 | . . . . 1 Average Corruption 1 | . . . . 1 Corruption Purged . | . . . . . Corruption Blocked . | . . . . . Overload Shots . | . . . . . Overflow Damage . | . . . . . Projectiles . | . . . . . Explosions . | . . . . . Melee . | . . . . . Knockbacks . | . . . . . Impact . | . . . . . Kinetic . | . . . . . Secondary . | . . . . . Self-Inflicted Damage 12 | . . . 4 8 Shots . | . . . . . Rammed 8 | . . . 2 6 Targets Rammed 8 | . . . 2 6 Kicked . | . . . . . Crushed . | . . . . . Highest Temperature . | . . . . . Average Temperature . | . . . . . Received Heat Transfer 171 | . . . 45 126 Siege Activations . | . . . . . Martial Activations . | . . . . . Shielding Activations . | . . . . . Robots Disrupted . | . . . . . Combat Hostiles . | . . . . . Robots Corrupted . | . . . . . Combat Hostiles . | . . . . . Parts Fried . | . . . . . Impact Corruptions . | . . . . . Robots Melted . | . . . . . Combat Hostiles . | . . . . . Parts Melted . | . . . . . Heat Transferred . | . . . . . Parts Sabotaged . | . . . . . Parts Stolen . | . . . . . Parts Stripped . | . . . . . Power Chain Reactions . | . . . . . Alert | -11 -10 -10 -9 -8 ------- Run | Yrd Mat Min Mat Mat Maximum Alert Level . | . . . . . Low Security (%) 100 | 100 100 100 100 100 Level 1 . | . . . . . Level 2 . | . . . . . Level 3 . | . . . . . Level 4 . | . . . . . Level 5 . | . . . . . High Security . | . . . . . Max Security . | . . . . . Peak Influence 60 | . . . 37 60 Initial 9 | . . . . 9 Average 7 | . . . 17 5 Influence Increases 152 | . . . 62 90 Destroy 0b10 Robot/C 20 | . . . 20 . Destroy Leader 10 | . . . 10 . Allied During Kill 2 | . . . 2 . Disable Machine 30 | . . . 15 15 Partial Spotted 15 | . . . 15 . Lose Combat Pursuer 75 | . . . . 75 Influence Decreases 102 | . . . 40 62 Entered New Map 13 | . . . . 13 Time Decay 79 | . . . 40 39 Lost Part 10 | . . . . 10 Squads Dispatched 4 | . 2 . . 2 Investigation 1 | . . . . 1 Extermination . | . . . . . Reinforcement 3 | . 2 . . 1 Assault . | . . . . . Garrison . | . . . . . Intercept . | . . . . . Searches Triggered . | . . . . . Construction Impeded . | . . . . . Haulers Reinforced . | . . . . . Active Scanning Responses . | . . . . . Cargo Convoy Interrupts . | . . . . . Stealth | -11 -10 -10 -9 -8 --------- Run | Yrd Mat Min Mat Mat Distress Signals 1 | . . . . 1 Communications Jammed . | . . . . . Distress Signals . | . . . . . Times Spotted 40 | . 8 1 2 29 Peak Tracking Total 26 | . 8 13 1 26 Tactical Retreats 3 | . . 1 . 2 Traps | -11 -10 -10 -9 -8 ------- Run | Yrd Mat Min Mat Mat Traps Triggered 1 | . . . . 1 Indirectly . | . . . . . Trap Hack Attempts . | . . . . . Triggered . | . . . . . Disarmed . | . . . . . Reprogrammed . | . . . . . Reused . | . . . . . Traps Extracted . | . . . . . Installed . | . . . . . Triggered . | . . . . . Machines | -11 -10 -10 -9 -8 ---------- Run | Yrd Mat Min Mat Mat Machines Disabled 2 | . . . 1 1 Max in Single Turn 1 | . . . . 1 Machines Repaired . | . . . . . Machines Dismantled . | . . . . . Machines Sabotaged . | . . . . . Overloaded Fab Kills . | . . . . . Hacking | -11 -10 -10 -9 -8 --------- Run | Yrd Mat Min Mat Mat Machines Accessed . | . . . . . Terminals . | . . . . . Fabricators . | . . . . . Repair Stations . | . . . . . Recycling Units . | . . . . . Scanalyzers . | . . . . . Garrison Access . | . . . . . Total Hacks . | . . . . . Successful . | . . . . . Failed . | . . . . . Catastrophic . | . . . . . Database Lockouts . | . . . . . Manual . | . . . . . Terminals . | . . . . . Fabricators . | . . . . . Repair Stations . | . . . . . Recycling Units . | . . . . . Scanalyzers . | . . . . . Garrison Access . | . . . . . Terminal Hacks . | . . . . . Fabricator Hacks . | . . . . . Repair Station Hacks . | . . . . . Recycling Unit Hacks . | . . . . . Scanalyzer . | . . . . . Garrison Access Hacks . | . . . . . Unauthorized Hacks . | . . . . . Terminals . | . . . . . Fabricators . | . . . . . Repair Stations . | . . . . . Recycling Units . | . . . . . Scanalyzers . | . . . . . Garrison Access . | . . . . . Data Cores Recovered . | . . . . . Used . | . . . . . Hacking Detections . | . . . . . Full Trace Events . | . . . . . Feedback Events . | . . . . . Feedback Blocked . | . . . . . Robot Schematics Acquired . | . . . . . Robots Built . | . . . . . Authchips . | . . . . . Time . | . . . . . Total Robot Build Rating . | . . . . . Part Schematics Acquired . | . . . . . Parts Built . | . . . . . Authchips . | . . . . . Time . | . . . . . Total Part Build Rating . | . . . . . Part Studies Acquired . | . . . . . Parts Repaired . | . . . . . Time . | . . . . . Parts Recycled . | . . . . . Recycled Matter . | . . . . . Retrieved Matter . | . . . . . Retrieved Components . | . . . . . Parts Scanalyzed . | . . . . . Part Schematics Acquired . | . . . . . Parts Damaged . | . . . . . Bothacking | -11 -10 -10 -9 -8 ------------ Run | Yrd Mat Min Mat Mat Used RIF Installer . | . . . . . Robots Hacked . | . . . . . Non-combat . | . . . . . Combat . | . . . . . Robot Hacks Applied . | . . . . . Relay Couplers Released . | . . . . . Fabnet Peak Effective % . | . . . . . Robots Rewired . | . . . . . Allies Hacked . | . . . . . Hacks Repelled . | . . . . . Allies | -11 -10 -10 -9 -8 -------- Run | Yrd Mat Min Mat Mat Total Allies 2 | . . 2 . . Largest Group 2 | . . 2 1 . Highest-Rated Group 46 | . . 46 31 . Highest-Rated Ally 31 | . . 31 31 . Total Orders . | . . . . . Ally Attacks 5 | . . . 5 . Total Damage 43 | . . . 43 . Kills 1 | . . . 1 . Allies Corrupted . | . . . . . Allies Melted . | . . . . . Intel | -11 -10 -10 -9 -8 ------- Run | Yrd Mat Min Mat Mat Active Infowar (turns) . | . . . . . Robot Analysis Total . | . . . . . Derelict Logs Recovered . | . . . . . Drone Launches . | . . . . . Drone Recoveries . | . . . . . Exploration | -11 -10 -10 -9 -8 ------------- Run | Yrd Mat Min Mat Mat Turns Passed 341 | 15 37 57 94 138 Spaces Moved 641 | 23 73 113 184 248 Core 641 | 23 73 113 184 248 Treads . | . . . . . Legs . | . . . . . Wheels . | . . . . . Hover . | . . . . . Flight . | . . . . . Fastest Speed 50 | 50 50 50 50 50 Average Speed 50 | 50 50 50 50 50 Slowest Speed 50 | 50 50 50 50 50 Overloaded Moves . | . . . . . Propulsion Burnouts . | . . . . . Robots Hopped . | . . . . . Potential Cave-ins . | . . . . . Cave-ins Triggered . | . . . . . Exploration Rate (%) 25 | 3 26 35 16 49 Regions Visited 4 Branch Regions 1 Pre-discovered Areas . | . . . . . Known Exits Taken . | . . . . . Unknown Exits Taken 4 | 1 1 1 1 . Scrap Searched . | . . . . . Spaces Dug . | . . . . . Terrain Destroyed . | . . . . . Melee . | . . . . . Projectile . | . . . . . AOE . | . . . . . Terrain Rammed . | . . . . . Walls Destroyed . | . . . . . Machines Disabled . | . . . . . Actions | -11 -10 -10 -9 -8 --------- Run | Yrd Mat Min Mat Mat Total 653 | 24 72 112 185 260 Wait . | . . . . . Move 637 | 22 72 112 183 248 Hop . | . . . . . Pick Up 2 | . . . . 2 Fast Attach 3 | 2 . . . 1 Attach 1 | . . . . 1 Detach 1 | . . . . 1 Swap . | . . . . . Drop . | . . . . . Fire 1 | . . . . 1 Melee . | . . . . . Ram 8 | . . . 2 6 Kick . | . . . . . Crush . | . . . . . Escape Stasis . | . . . . . Rewire . | . . . . . Trap . | . . . . . Miscellaneous . | . . . . . Route ------- -11/Scrapyard -10/Materials -10/Mines -9/Materials -8/Materials History --------- Turn | Location | Event 8 | -11/Scrapyard | Discovered new exit (range 16) 16 | -11/Scrapyard | Entered Materials 50 | -10/Materials | Discovered new exit (range 6) 53 | -10/Materials | Entered Mines 67 | -10/Mines | Assembled infested the area 72 | -10/Mines | Assisted by a Guerilla fighting off Assembled 107 | -10/Mines | Discovered new exit (range 6) 110 | -10/Mines | Entered Materials 110 | -9/Materials | Accompanied by 1 ally 110 | -9/Materials | Evolved 2 slots: Utility x2 134 | -9/Materials | Led the pair of lost Derelicts to an unsafe place 197 | -9/Materials | Discovered new exit (range 16) 204 | -9/Materials | Entered another Materials area 204 | -8/Materials | Evolved 2 slots: Utility x2 318 | -8/Materials | Build established: Mutant 330 | -8/Materials | Core integrity fell below 50% 339 | -8/Materials | Core integrity fell below 20% 342 | -8/Materials | Destroyed by H-61 Shepherd with Heavy Assault Cannon Last Messages --------------- 00221_ Acquired Imp. Signal Interpreter. 00232_ Slammed into W-25 Informer. 00236_ Acquired Datajack. 00246_ W-25 Informer sends out distress signal. 00246_ Slammed into W-25 Informer. 00246_ Destabilizing: System corrupted (+1). 00248_ Slammed into W-25 Informer. 00290_ Lgt. Assault Rifle destroyed. 00315_ Triggered Alarm Trap. 00315_ An alarm sounds. 00315_ ALERT: Alarm triggered, dispatching investigation squad. 00328_ A-02 Transporter destroyed. 00329_ Critical hit (Burn: +37). 00333_ C-30 ARC bursts open, deploying its payload. 00333_ S-10 Pest unfolds itself. 00334_ ALERT: Suspicious intruders detected, dispatching Cutter reinforcements to area. 00341_ Acquired 3 matter. 00342_ Imp. Signal Interpreter destroyed. 00342_ Critical hit (Blast). Map ----- +----------------------------------------------------+ | " = #????????????????????????????????? | | T ![[ #????????????????????????????????? | | " [%[ #????????????????????????????????? | | " ![[ #????????????????????????????????? | | ####?????????????????????????????? | | !##????????????????????????????? | | !#????????????????????????????? | | !#????????????????????????????? | | !#????????????????????????????? | | !#????????????????????????????? | | !##????????????????????????????? | | ####?????????????????????????????? | | #????????????????????????????????? | | #?????###????????????????????????? | | #????? ????????????????????????? | | #?? ?????????????????????? | | #???""" """??????????????????????? | | #???""" """??????????????????????? | | " #????"" ""???????????????????????? | | %" #???? ???????????????????????? | | ?##" #????? ????????????????????????? | | ??# #????? ????????????????????????? | | ??# #??####+####?????????????????????? | | ??# s #### k #?????????????????????? | | ?# #######???????????????? | | ?# @ ????????? | | ?+ % H % T ??????????? | | ?# ?????????? | | ?? a k ####### #?????????? | | ??###########+###### #????????####?????????? | | ??????????? ??????#########?????????????????????? | | ?????????? ?????????????????????????????????????? | | ????????? ??????????????????????????????????????? | | ?????????"???????????????????????????????????????? | | ?????????????????????????????????????????????????? | | ?????????????????????????????????????????????????? | | ?????????????????????????????????????????????????? | | ?????????????????????????????????????????????????? | | ?????????????????????????????????????????????????? | | ?????????????????????????????????????????????????? | | ?????????????????????????????????????????????????? | | ?????????????????????????????????????????????????? | | | | | | | | | | | | | | | | | +----------------------------------------------------+ Best States ------------- Heat Dissipation 31 Energy Generation 5 Energy Capacity 100 Matter Stores 107 Matter Capacity 300 Sight Range 16 Terrain Scan Density 10 Evasion (%) 50 Item Schematics ----------------- None Robot Schematics ------------------ None Fabricated ------------ Nothing Repaired ---------- Nothing Studied --------- None Alien Tech Used ----------------- None Achievements -------------- None Challenges ------------ None Game ------ Seed DroneInsulatedBuckler Manual? 0 Play Time 00:06:02 Cumulative 633.0 hours Start 2026.09.02 @ 15:09:27 End 2026.09.02 @ 15:13:21 Sessions 1 Manual Loads 0 Difficulty Rogue Special Mode None Game No. 274 Rogue 274 Adventurer 0 Explorer 0 Win Type - Total 38 Types 17/4/6/2/1/2/2/2/1/1 Lore% 91 Gallery% 83 Achievement% 78 Wizard Run 0 Options --------- Layout 0 ASCII 0 Keyboard 1 Movement Arrows Keybinds 0 Fullscreen 2 Font 18/Terminus Map View 76x50 Zoom Use 0% Tactical HUD 1 Map Filters BRIGHTNESS(90)|SATURATION(90) Filters NONE Steam 1 RUN: a4cb1338-222f-4b72-82ee-8a45b633d38c